 Dungeon Sprint DCSS version 0.18-a0-1354-gbc5753f (webtiles) character file.

2117 Kidiri the Covert (level 9, -7/46 HPs)
             Began as a Spriggan Enchanter on Feb 19, 2016.
             Was an Initiate of Dithmenos.
             Mangled by a tentacle (24 damage)
             ... attached to a kraken
             ... in the Dungeon (Sprint II: "The Violet Keep of Menkaure").
             The game lasted 00:05:48 (1659 turns).

Kidiri the Covert (Spriggan Enchanter)              Turns: 1659, Time: 00:05:48

Health: -7/46      AC:  7    Str:  4    XL:     9   Next: 8%
Magic:  24/24      EV: 28    Int: 21    God:    Dithmenos [......]
Gold:   314        SH:  6    Dex: 18    Spells: 5 memorised, 16 levels left

rFire  . . .     SeeInvis +     a - +1 dagger
rCold  . . .     Gourm    .     f - +5 robe "Koqolua" {rN+ rCorr Int+3}
rNeg   + . .     Faith    .     k - +0 buckler
rPois  .         Spirit   .     (helmet restricted)
rElec  .         Dismiss  .     (no cloak)
rCorr  +         Reflect  .     (gloves unavailable)
SustAt .         Harm     .     (boots unavailable)
MR     +....     NoTele   +     (no amulet)
Stlth  +++.......               (no ring)
                                (no ring)

@: very quick, somewhat resistant to hostile enchantments, fairly stealthy
A: unfitting armour, see invisible, deterioration 1, herbivore 3, speed 3, slow
metabolism 2, subdued magic 1
a: Renounce Religion


You were in the Dungeon.
You worshipped Dithmenos.
Dithmenos was noncommittal.
You were not hungry.

You visited 1 branch You collected 1060 gold pieces.
You spent 746 gold pieces at shops.

Inventory:

Hand Weapons
 a - a +1 dagger (weapon)
Armour
 f - the +5 robe "Koqolua" (worn) {rN+ rCorr Int+3}
   (You bought it in a shop in the Dungeon)

   It affects your intelligence (+3).
   It protects you from negative energy.
   It protects you from acid and corrosion.
 k - a +0 buckler (worn)
Scrolls
 j - a scroll of blinking
Potions
 g - a potion of haste
 h - a potion of magic
 i - a potion of berserk rage
Books
 c - a book of Maledictions

   Spells                             Type                      Level
   a - Corona                         Hexes                        1
   b - Ensorcelled Hibernation        Hexes/Ice                    2
   c - Confuse                        Hexes                        3
   d - Tukima's Dance                 Hexes                        3
   e - Dazzling Spray                 Conjuration/Hexes            3
Comestibles
 d - a bread ration


   Skills:
 + Level 4.4 Fighting
 * Level 9.0 Short Blades
 + Level 4.0 Armour
 * Level 11.8 Dodging
 * Level 13.0 Stealth
 * Level 2.3 Shields
 * Level 10.1 Spellcasting
 + Level 3.4 Conjurations
 + Level 7.8 Hexes
 + Level 4.5 Ice Magic
 + Level 0.0 Invocations


You had 16 spell levels left.
You knew the following spells:

 Your Spells              Type           Power        Failure   Level  Hunger
a - Corona                Hex            ####...      1%          1    None
b - Ensorcelled Hibernat  Hex/Ice        ###...       1%          2    None
c - Confuse               Hex            ####....     1%          3    None
d - Tukima's Dance        Hex            ####....     1%          3    None
e - Dazzling Spray        Conj/Hex       ###.....     1%          3    None


Dungeon Overview and Level Annotations

Branches:
Dungeon (1/1)

Altars:
Cheibriados
Dithmenos
Elyvilon
Fedhas
Gozag
Kikubaaqudgha
Makhleb
Nemelex Xobeh
Okawaru
Pakellas
Qazlal
Ru
Sif Muna
Trog
Vehumet
Xom
Yredelemnul
Zin
The Shining One
Beogh
Jiyva
Lugonu

Shops:
D [?:[%*[==}!*[(!:

Annotations:
D exclusions: obsidian statue and oklob plant, Kirke


Innate Abilities, Weirdness & Mutations

You are tiny and cannot use many weapons and most armour.
You have supernaturally acute eyesight.
You are an herbivore.
You cover ground extremely quickly.
You need consume almost no food.
Your body sometimes deteriorates upon taking damage.
Your spells are a little easier to cast, but a little less powerful.


Message History

Dithmenos welcomes you!
Unknown command.
There is a white marble altar of Elyvilon here.
There is an open door here.
You enter the shallow water.
Moving in this stuff is going to be slow.
You close the door.
Found 49 gold pieces and a robe.
Found thirteen items.
Found seven items.
Found six items.
A kraken comes into view.
Tentacles burst out of the water!
A tentacle comes into view.
You open the door. The tentacle slaps you! The tentacle misses you.
The tentacle completely misses you. The tentacle slaps you!! x2
Ouch! That really hurt!
You die...

#. k ### +.##. [▓$?%??%!$▓▓
..# ...####▓?(??$$[%▓▓ ..##
#..##.#▓%(?$$$??▓▓ #..#
+..#..#▓$[$![??!▓▓ #..#
#..#)%#▓?)$!$?[=▓▓
'..####..##%#▓!(!!$!)%▓▓
#....###§..##▓▓▓▓▓▓▓'▓▓▓▓+▓
#......≈≈≈≈≈≈≈≈≈@w≈≈──wXw≈▓
§≈..§..≈#+########+###*w≈≈▓
§≈§≈≈..≈#_._.....#≈§≈# ≈≈▓
§§≈§≈≈.≈#._._....#§§§§# ▓
§§≈≈§≈≈≈#_._._...#§§§§§
≈§§§≈≈≈≈#._._._..#≈§t§≈§
≈≈§§≈§≈≈#_._._._.#≈≈§§ §
§≈≈###≈≈#._._._..#≈t§§
#≈≈#.._._._.#


You could see a kraken, 3 tentacles and a crocodile (sleeping).

Vanquished Creatures
  A yaktaur (D)
  3 polar bears (D)
  2 boulder beetles (D)
  A vampire mosquito (D)
  4 neqoxecs (D)
  Menkaure (D)
  A wasp (D)
  4 worker ants (D)
  3 worms (D)
20 creatures vanquished.

Vanquished Creatures (others)
  A crocodile (D)
  66 tentacle segments (D)
67 creatures vanquished.

Grand Total: 87 creatures vanquished

Notes
Turn   | Place    | Note
--------------------------------------------------------------
     0 | D        | Kidiri the Spriggan Enchanter began the quest for the Orb.
     0 | D        | Reached XP level 1. HP: 9/9 MP: 5/5
     1 | D        | Noticed a boulder beetle
     1 | D        | Noticed a boulder beetle
    19 | D        | Reached skill level 5 in Stealth
   126 | D        | Found Zuann's Distillery.
   126 | D        | Found Sytilyop's Antique Armour Shop.
   126 | D        | Found Pocyb's Gadget Boutique.
   126 | D        | Found Cekias's Distillery.
   126 | D        | Found Ziuhip's Jewellery Shop.
   127 | D        | Found Sacwiaxuu's Book Shop.
   127 | D        | Found Ginloyth's General Store.
   127 | D        | Found Vivoq's Jewellery Shop.
   156 | D        | Reached XP level 2. HP: 4/14 MP: 5/7
   162 | D        | Learned a level 2 spell: Ensorcelled Hibernation
   207 | D        | Killed a crocodile
   402 | D        | Noticed a neqoxec
   405 | D        | Killed a neqoxec
   405 | D        | Reached skill level 1 in Fighting
   405 | D        | Reached skill level 1 in Armour
   405 | D        | Reached skill level 6 in Dodging
   405 | D        | Reached skill level 8 in Stealth
   405 | D        | Reached skill level 5 in Spellcasting
   405 | D        | Reached skill level 5 in Hexes
   405 | D        | Reached skill level 1 in Ice Magic
   405 | D        | Reached XP level 3. HP: 16/18 MP: 6/11
   405 | D        | Reached XP level 4. HP: 20/23 MP: 6/12
   410 | D        | Learned a level 3 spell: Confuse
   414 | D        | Learned a level 3 spell: Tukima's Dance
   418 | D        | Learned a level 3 spell: Dazzling Spray
   451 | D        | Noticed a neqoxec
   452 | D        | Killed a neqoxec
   452 | D        | Reached skill level 5 in Short Blades
   452 | D        | Reached skill level 9 in Stealth
   452 | D        | Reached skill level 1 in Conjurations
   452 | D        | Reached XP level 5. HP: 27/27 MP: 13/15
   452 | D        | Reached XP level 6. HP: 32/32 MP: 13/16
   473 | D        | Noticed a neqoxec
   473 | D        | Noticed a neqoxec
   475 | D        | Killed a neqoxec
   475 | D        | Reached skill level 10 in Stealth
   479 | D        | Gained mutation: Your body sometimes deteriorates upon taking damage. [a neqoxec]
   491 | D        | Gained mutation: Your spells are a little easier to cast, but a little less powerful. [a neqoxec]
   493 | D        | Killed a neqoxec
   493 | D        | Reached XP level 7. HP: 2/36 MP: 0/19
  1078 | D        | Killed a boulder beetle
  1078 | D        | Reached skill level 10 in Dodging
  1078 | D        | Reached skill level 11 in Stealth
  1084 | D        | Killed a boulder beetle
  1266 | D        | Noticed an orange crystal statue
  1268 | D        | Noticed Menkaure
  1269 | D        | Noticed Kirke
  1269 | D        | Noticed a kobold demonologist
  1269 | D        | Noticed a yaktaur captain
  1270 | D        | Killed Menkaure
  1270 | D        | Reached XP level 8. HP: 42/42 MP: 22/22
  1291 | D        | Noticed an obsidian statue
  1295 | D        | Found Patrepn's Antique Weapon Boutique.
  1300 | D        | Reached skill level 12 in Stealth
  1307 | D        | Found Cize's Armour Shop.
  1307 | D        | Found Mucufoqa's General Store.
  1308 | D        | Noticed an iron elemental
  1311 | D        | Found Fuschopteo's Food Shop.
  1311 | D        | Found Gassyney's Antique Armour Boutique.
  1311 | D        | Noticed an oklob plant
  1312 | D        | Found Jolapn's Magic Scroll Shop.
  1312 | D        | Found Agidag's Antique Armour Boutique.
  1312 | D        | Found Weqegitz's Book Shoppe.
  1313 | D        | Noticed a spiny frog
  1315 | D        | Noticed a spiny frog
  1322 | D        | Noticed a hell hog
  1326 | D        | Noticed a hell hog
  1345 | D        | Bought the +5 robe "Koqolua" {rN+ rCorr Int+3} for 683 gold pieces
  1355 | D        | Bought a +0 buckler for 63 gold pieces
  1399 | D        | Found a white marble altar of Elyvilon.
  1399 | D        | Found a shimmering altar of Xom.
  1400 | D        | Found a shadowy altar of Dithmenos.
  1400 | D        | Found a basalt altar of Yredelemnul.
  1400 | D        | Found a sparkling altar of Nemelex Xobeh.
  1401 | D        | Found a glowing silver altar of Zin.
  1401 | D        | Found a sacrificial altar of Ru.
  1401 | D        | Found an ancient bone altar of Kikubaaqudgha.
  1402 | D        | Found an oddly glowing altar of Pakellas.
  1402 | D        | Found a corrupted altar of Lugonu.
  1402 | D        | Found an opulent altar of Gozag.
  1402 | D        | Found a viscous altar of Jiyva.
  1403 | D        | Found a stormy altar of Qazlal.
  1403 | D        | Found a deep blue altar of Sif Muna.
  1404 | D        | Found a radiant altar of Vehumet.
  1404 | D        | Found a roughly hewn altar of Beogh.
  1405 | D        | Found a snail-covered altar of Cheibriados.
  1407 | D        | Noticed a yaktaur
  1407 | D        | Noticed a polar bear
  1408 | D        | Noticed a polar bear
  1408 | D        | Noticed a polar bear
  1418 | D        | Killed a polar bear
  1418 | D        | Reached skill level 1 in Shields
  1423 | D        | Killed a polar bear
  1431 | D        | Killed a yaktaur
  1431 | D        | Reached skill level 10 in Spellcasting
  1438 | D        | Killed a polar bear
  1438 | D        | Reached XP level 9. HP: 17/46 MP: 3/24
  1442 | D        | Reached skill level 13 in Stealth
  1636 | D        | Found a blossoming altar of Fedhas.
  1636 | D        | Found a burning altar of Makhleb.
  1636 | D        | Found an iron altar of Okawaru.
  1637 | D        | Found a bloodstained altar of Trog.
  1637 | D        | Found a glowing golden altar of the Shining One.
  1640 | D        | Became a worshipper of Dithmenos the Shadowed
  1653 | D        | Noticed a kraken
  1659 | D        | Mangled by a tentacle

Vault maps used:
D:        the_violet_keep_of_menkaure

Action                   |  1- 3 |  4- 6 |  7- 9 || total
-------------------------+-------+-------+-------++-------
Melee: Dagger            |    16 |     5 |    42 ||    63
 Cast: Corona            |     2 |       |       ||     2
       Ensorcelled Hiber |     1 |     2 |     8 ||    11
       Dazzling Spray    |       |     8 |     4 ||    12
       Confuse           |       |     1 |     6 ||     7
  Use: Potion            |       |     2 |     1 ||     3
 Stab: Sleeping          |     3 |     2 |     8 ||    13
       Invisible         |       |     1 |     2 ||     3
       Confused          |       |       |     8 ||     8
